[Event "42nd Arco Festival 2020"]
[Site "Arco"]
[Date "2020.10.17"]
[Round "8.10"]
[White "Nazarenus, Moritz"]
[Black "Perez Bolanos, David"]
[Result "1-0"]
[ECO "A70"]
[WhiteElo "2224"]
[BlackElo "2031"]
[Annotator "ChessBase"]
[PlyCount "88"]
[EventDate "2020.10.10"]
[EventType "swiss"]
[EventCountry "ITA"]
[SourceTitle "playchess.com"]
[Source "ChessBase"]
[SourceQuality "1"]
[TimeControl "40/5400+30:1800+30"]

1. d4 Nf6 2. c4 e6 3. Nf3 c5 4. d5 exd5 5. cxd5 d6 6. Nc3 g6 7. h3 Bg7 8. e4 O-O 9. Bd3 b5 10. Bxb5 Nxe4 11. Nxe4 Qa5+ 12. Nfd2 Qxb5 13. Nxd6 Qa6 14. N2c4 Nd7 15. O-O Ne5 16. Nxe5 Bxe5 17. Nxc8 Raxc8 18. Re1 Qd6 19. Rb1 Rfd8 20. Bg5 f6 21. Be3 Qxd5 22. Qa4 Qc6 23. Qc4+ Qd5 24. b3 Qxc4 25. bxc4 Rc7 26. Rb5 Bd4 27. Bf4 Rcd7 28. g4 Kf7 29. Kg2 Rc8 30. h4 Rc6 31. Rb8 Ra6 32. Rh8 Kg7 33. Ree8 Rxa2 34. Rhg8+ Kf7 35. Bh6 Re7 36. Rxe7+ Kxe7 37. Rg7+ Ke6 38. Rxh7 Rxf2+ 39. Kg3 Ra2 40. Bf8 Be5+ 41. Kf3 Ra3+ 42. Kf2 Ra2+ 43. Kf3 Ra3+ 44. Kf2 Ra2+ 1-0

[Event "42nd Arco Festival 2020"]
[Site "Arco"]
[Date "2020.10.17"]
[Round "8.11"]
[White "Ruecker, Benjamin"]
[Black "Hagner, Bennet"]
[Result "1/2-1/2"]
[ECO "C84"]
[WhiteElo "2202"]
[BlackElo "2080"]
[Annotator "ChessBase"]
[PlyCount "41"]
[EventDate "2020.10.10"]
[EventType "swiss"]
[EventCountry "ITA"]
[SourceTitle "playchess.com"]
[Source "ChessBase"]
[SourceQuality "1"]
[TimeControl "40/5400+30:1800+30"]

1. e4 e5 2. Nf3 Nc6 3. Bb5 a6 4. Ba4 Nf6 5. O-O Be7 6. Re1 b5 7. Bb3 d6 8. a4 Bd7 9. d3 O-O 10. Nbd2 Na5 11. Ba2 c5 12. Nf1 Qb6 13. axb5 axb5 14. Bg5 Be6 15. Bxe6 fxe6 16. c3 h6 17. Be3 Ng4 18. b4 Nxe3 19. fxe3 cxb4 20. cxb4 Nc6 21. Qb3 1/2-1/2

[Event "42nd Arco Festival 2020"]
[Site "Arco"]
[Date "2020.10.17"]
[Round "8.15"]
[White "Fuochi, Tommaso"]
[Black "De Santis, Alessio"]
[Result "1/2-1/2"]
[ECO "A34"]
[WhiteElo "1992"]
[BlackElo "2223"]
[Annotator "ChessBase"]
[PlyCount "22"]
[EventDate "2020.10.10"]
[EventType "swiss"]
[EventCountry "ITA"]
[SourceTitle "playchess.com"]
[Source "ChessBase"]
[SourceQuality "1"]
[TimeControl "40/5400+30:1800+30"]

1. c4 b6 2. e4 Bb7 3. Nc3 c5 4. Nge2 g6 5. g3 Bg7 6. Bg2 Nc6 7. d3 d6 8. O-O h5 9. h3 Qd7 10. a3 e6 11. Rb1 Nge7 1/2-1/2